 Dungeon Crawl Stone Soup version 0.21.1-1-g345015fe64 (webtiles) character file.

212 P0NYSLAYSTATION the Covered (level 5, -1/46 HPs)
             Began as a Hill Orc Fighter on June 15, 2018.
             Slain by a worker ant (3 damage)
             ... on level 4 of the Dungeon.
             The game lasted 00:05:41 (1165 turns).

P0NYSLAYSTATION the Covered (Hill Orc Fighter)      Turns: 1165, Time: 00:05:41

Health: -1/46      AC:  7    Str: 24    XL:     5   Next: 90%
Magic:  5/5        EV:  8    Int:  8    God:
Gold:   71         SH: 10    Dex: 11    Spells: 4/4 levels left

rFire    . . .     SeeInvis .   a - +0 long sword
rCold    . . .     Gourm    .   c - +0 shield
rNeg     . . .     Faith    .   b - +0 scale mail
rPois    .         Spirit   .   (no helmet)
rElec    .         Reflect  .   (no cloak)
rCorr    .         Harm     .   (no gloves)
MR       .....                  (no boots)
Stlth    ..........             (no amulet)
HPRegen  0.15/turn              (no ring)
MPRegen  0.09/turn              (no ring)

@: mighty, lethally poisoned (-1 -> -13)
A: no striking features
a: no special abilities


You were on level 4 of the Dungeon.
You were not hungry.

You visited 1 branch of the dungeon, and saw 5 of its levels.

You collected 71 gold pieces.

Inventory:

Hand Weapons
 a - a +0 long sword (weapon)
Armour
 b - a +0 scale mail (worn)
 c - a +0 shield (worn)
Scrolls
 e - a scroll of remove curse
 i - 2 scrolls of fog
 j - 2 scrolls of enchant armour {unknown}
 k - a scroll of identify {unknown}
Potions
 h - a potion of invisibility {unknown}
Comestibles
 f - 2 rations
 g - 3 chunks of flesh


   Skills:
 + Level 4.2 Fighting
 + Level 4.1 Long Blades
 + Level 4.5 Armour
 + Level 1.0 Dodging
 + Level 0.6 Stealth
 + Level 4.1 Shields


You had 4 spell levels left.
You didn't know any spells.

Dungeon Overview and Level Annotations

Branches:
Dungeon (5/15)
 Temple: D:4-7

Altars:
Makhleb


Message History

You feel sick. You block the worker ant's attack.
You block the scorpion's attack.
You feel sick.
The worker ant bites you but does no damage.
You hit the scorpion.
The scorpion is severely wounded.
You feel sick. The scorpion stings you.
* * * LOW HITPOINT WARNING * * *
You are lethally poisoned!
The scorpion poisons you!
You slash the scorpion!
You kill the scorpion!
Your Long Blades skill increases to level 4!
Your Dodging skill increases to level 1!
* * * LOW HITPOINT WARNING * * *
You feel sick. You block the worker ant's attack.
You barely miss the worker ant.
* * * LOW HITPOINT WARNING * * *
You feel sick. You block the worker ant's attack. The worker ant bites you.
You die...

####<........#...#
##...<###.........#
###..####.......#...#
#.....##..#.........#
#........#####......#
#......######.......##
.............)).<.......
###.....##.......#####..
####.........#@....# #
..........##.a.....#
......#.##....##>..#
........##..####...#
........#....))....#
...........#######.#
$..........# ...
........#..# #..#
......#.#..# ...#


You could see a worker ant.

Vanquished Creatures
  An ogre (D:4)
  A scorpion (D:4)
  An iguana (D:4)
  An adder (D:2)
  3 gnolls (D:4)
  2 leopard geckos
  A bat zombie (D:2)
  2 giant cockroaches (D:1)
  2 goblins (D:1)
  2 bats (D:1)
  3 frilled lizards
  A giant cockroach zombie (D:2)
  A rat (D:1)
21 creatures vanquished.

Notes
Turn   | Place    | Note
-------+----------+-------------------------------------------
     0 | D:1      | P0NYSLAYSTATION the Hill Orc Fighter began the quest for the Orb.
     0 | D:1      | Reached XP level 1. HP: 19/19 MP: 1/1
   143 | D:1      | Reached XP level 2. HP: 27/27 MP: 2/2
   303 | D:2      | Found a burning altar of Makhleb.
   362 | D:2      | Reached XP level 3. HP: 14/33 MP: 3/3
   624 | D:4      | Noticed an ogre
   902 | D:4      | Killed an ogre
   902 | D:4      | Reached XP level 4. HP: 13/40 MP: 4/4
   902 | D:4      | Reached XP level 5. HP: 15/46 MP: 5/5
  1033 | D:5      | Entered Level 5 of the Dungeon
  1114 | D:5      | Noticed an ogre
  1164 | D:4      | Reached skill level 1 in Dodging
  1165 | D:4      | HP: 2/46 [poisoned by a scorpion]
  1165 | D:4      | Slain by a worker ant

Skill      XL: |  1  2  3  4  5 |
---------------+----------------+-----
Long Blades    | 3 4 |  4.1
Armour         | 4 |  4.5
Fighting       | 4 |  4.2
Shields        | 4 |  4.1
Dodging        | 1 |  1.0
Stealth        | |  0.6

Action                   |  1- 3 |  4- 6 || total
-------------------------+-------+-------++-------
Melee: Long sword        |    86 |    23 ||   109
  Use: Scroll            |     1 |     1 ||     2
       Potion            |       |     1 ||     1
  Eat: Ration            |       |     1 ||     1
Armor: Scale mail        |    36 |    15 ||    51
Dodge: Dodged            |    28 |     8 ||    36
Block: Shield            |    55 |    16 ||    71
       Rpst.: Long sword |    10 |       ||    10
